Map: Jagannatha LE

Players

DisK - Winner!

  • Race: Protoss Protoss

PiLiPiLi

  • Race: Protoss Protoss
  • League: Grandmaster

Event: DreamHack SC2 Masters 2021 Summer

VOD

Have the link to the VOD?

Description

Time

  • Played on: May 30, 2021, 3:18 p.m.
  • Length: 13:26

All games in this series

Show
View Real Time Build Order
Export as new Build Order

DisK Protoss - Winner!

Build Orders:  

Get SALT Encoding   

  12  0:00  Probe  
  13  0:12  Probe  
  14  0:17  Pylon  
  14  0:24  Probe  
  15  0:35  Gateway  
  15  0:37  Probe (Chrono Boost)  
  16  0:46  Probe (Chrono Boost)  
  16  0:47  Assimilator  
  17  0:51  Probe  
  17  0:56  Assimilator  
  18  1:03  Probe (Chrono Boost)  
  19  1:09  Gateway  
  19  1:14  Probe (Chrono Boost)  
  20  1:21  Probe  
  21  1:26  Cybernetics Core  
  21  1:33  Probe  
  21  1:35  Pylon  
  22  1:45  Probe  
  23  1:58  Probe  
  23  2:01  Warp Gate (Chrono Boost)  
  24  2:03  Stalker x2  
  28  2:10  Probe  
  28  2:14  Pylon  
  29  2:33  Stalker x2  
  33  2:39  Robotics Facility  
  33  2:45  Shield Battery  
  33  2:56  Shield Battery  
  33  3:02  Probe  
  34  3:21  Nexus  
  34  3:23  Shield Battery  
  33  3:38  Immortal (Chrono Boost)  
  37  3:45  Sentry  
  39  3:49  Pylon  
  39  3:58  Shield Battery  
  39  4:11  Immortal (Chrono Boost)  
  43  4:22  Probe  
  44  4:33  Stalker  
  44  4:34  Stalker  
  44  4:37  Probe  
  49  4:39  Probe (Chrono Boost)  
  49  4:51  Observer, Probe (Chrono Boost)  
  52  4:54  Probe (Chrono Boost)  
  53  5:00  Probe (Chrono Boost)  
  53  5:03  Probe (Chrono Boost), Twilight Council  
  53  5:06  Probe  
  52  5:10  Shield Battery  
  54  5:16  Probe (Chrono Boost)  
  54  5:18  Probe (Chrono Boost)  
  55  5:27  Adept  
  58  5:28  Adept  
  58  5:29  Probe x2 (Chrono Boost)  
  61  5:37  Probe  
  61  5:38  Pylon  
  62  5:46  Observer  
  57  5:57  Warp Prism  
  57  5:59  Probe (Chrono Boost)  
  61  6:04  Probe (Chrono Boost)  
  61  6:06  Sentry x2  
  61  6:07  Gateway  
  61  6:08  Gateway  
  65  6:12  Probe (Chrono Boost)  
  65  6:13  Probe  
  63  6:26  Probe (Chrono Boost)  
  63  6:28  Blink (Chrono Boost)  
  63  6:30  Probe (Chrono Boost)  
  63  6:31  Assimilator  
  65  6:38  Probe (Chrono Boost)  
  66  6:42  Probe (Chrono Boost)  
  67  6:48  Probe (Chrono Boost)  
  67  6:50  Probe (Chrono Boost)  
  67  6:54  Probe (Chrono Boost), Pylon  
  68  6:55  Probe (Chrono Boost)  
  68  6:58  Forge  
  70  7:09  Nexus  
  70  7:11  Pylon  
  70  7:12  Probe x2  
  72  7:16  Immortal  
  72  7:17  Sentry  
  72  7:21  Shield Battery  
  78  7:29  Probe x2, Pylon  
  80  7:31  Protoss Ground Weapons Level 1 (Chrono Boost), Stalker x2  
  84  7:42  Adept  
  86  7:47  Pylon, Adept  
  88  7:52  Probe x2  
  90  7:59  Shield Battery, Stalker  
  90  8:00  Stalker  
  95  8:06  Observer  
  95  8:10  Stalker x2  
  97  8:27  Stalker  
  97  8:28  Stalker  
  97  8:30  Probe x2  
  97  8:31  Gateway  
  97  8:33  Gateway  
  103  8:41  Stalker x2  
  107  8:44  Probe  
  105  8:54  Stalker  
  105  8:55  Stalker  
  100  8:59  Probe x3  
  103  9:06  Robotics Bay  
  103  9:11  Probe  
  103  9:15  Probe x2  
  106  9:27  Pylon  
  106  9:30  Pylon  
  104  9:35  Probe x3, Pylon  
  107  9:41  Robotics Facility  
  107  9:46  Adept x2  
  107  9:48  Stalker x3  
  117  10:07  Zealot x3  
  117  10:24  Disruptor  
  104  10:31  Stalker x6  
  101  10:49  Nexus  
  101  10:54  Zealot x3  
  101  10:55  Zealot  
  109  11:11  Pylon x2  
  109  11:18  Gateway  
  109  11:21  Gateway  
  109  11:23  Pylon  
  109  11:26  Disruptor x2 (Chrono Boost)  
  115  11:47  Pylon  
  112  11:52  Disruptor x2 (Chrono Boost)  
  112  11:57  Adept  
  112  11:58  Adept  
  116  12:17  Stalker x5  
  116  12:19  Zealot x2  
  116  12:20  Zealot  
  123  12:41  Disruptor  
  123  12:43  Nexus  
  122  12:52  Pylon  
Show
View Real Time Build Order
Export as new Build Order

PiLiPiLi Protoss 

Build Orders: Blink Stalkers 

Get SALT Encoding   

  12  0:00  Probe  
  13  0:12  Probe  
  14  0:18  Pylon  
  14  0:25  Probe  
  15  0:37  Probe (Chrono Boost)  
  15  0:40  Gateway  
  16  0:46  Probe (Chrono Boost)  
  16  0:48  Assimilator  
  17  0:51  Probe (Chrono Boost)  
  17  0:55  Assimilator  
  18  1:03  Probe (Chrono Boost)  
  19  1:09  Gateway  
  19  1:15  Probe (Chrono Boost)  
  20  1:20  Probe (Chrono Boost)  
  21  1:28  Cybernetics Core  
  21  1:29  Probe  
  22  1:38  Pylon  
  22  1:41  Probe  
  23  1:56  Probe  
  24  2:04  Twilight Council  
  24  2:06  Warp Gate  
  24  2:07  Stalker  
  26  2:16  Stalker  
  28  2:30  Pylon  
  28  2:38  Stalker  
  28  2:40  Blink (Chrono Boost)  
  30  2:55  Probe  
  31  3:03  Gateway  
  31  3:05  Stalker  
  33  3:07  Probe  
  33  3:32  Nexus  
  33  3:38  Pylon  
  33  3:56  Probe  
  33  3:57  Shield Battery  
  33  3:58  Stalker  
  33  3:59  Stalker  
  38  4:10  Pylon  
  38  4:13  Probe  
  39  4:28  Probe  
  39  4:30  Stalker x2  
  44  4:40  Probe  
  44  4:42  Sentry  
  47  4:45  Probe  
  47  4:52  Probe, Robotics Facility  
  49  4:56  Phoenix  
  49  4:58  Probe  
  50  5:04  Probe  
  51  5:07  Charge  
  51  5:10  Probe  
  52  5:16  Probe  
  53  5:22  Probe  
  53  5:26  Stalker  
  53  5:27  Stalker x2  
  60  5:29  Probe, Pylon  
  60  5:34  Probe, Pylon  
  62  5:39  Pylon  
  62  5:57  Probe  
  59  5:58  Stalker x3  
  59  5:59  Observer (Chrono Boost)  
  59  6:00  Probe  
  59  6:02  Pylon  
  67  6:09  Probe  
  68  6:13  Probe  
  68  6:15  Assimilator  
  69  6:21  Probe  
  70  6:27  Warp Prism (Chrono Boost), Stalker x3  
  70  6:30  Phoenix  
  79  6:36  Gateway x2  
  78  6:48  Gateway  
  78  6:49  Gateway  
  78  6:58  Nexus  
  78  7:00  Probe  
  79  7:03  Pylon  
  79  7:05  Probe  
  80  7:13  Probe  
  81  7:17  Probe  
  81  7:21  Templar Archives  
  82  7:25  Gateway  
  82  7:27  Observer  
  82  7:28  Zealot x2  
  82  7:29  Zealot  
  89  7:32  Shield Battery  
  89  7:39  Probe x2  
  91  7:52  Zealot x5  
  91  7:57  Pylon  
  101  8:07  Pylon  
  101  8:11  Stalker x2  
  105  8:13  High Templar x2  
  105  8:14  High Templar  
  105  8:18  High Templar  
  105  8:19  Archon, Zealot  
  112  8:23  Zealot  
  112  8:24  Archon  
  113  8:28  Probe  
  113  8:29  Probe  
  115  8:41  Zealot  
  115  8:42  Zealot x3  
  115  8:43  Warp Prism  
  105  8:59  Probe, Zealot x4  
  105  9:00  Probe  
  115  9:03  Zealot  
  115  9:09  Stalker x2  
  116  9:34  High Templar, Pylon  
  116  9:35  High Templar, Zealot x6  
  132  9:39  Archon  
  132  9:58  Zealot  
  132  9:59  Zealot x5  
  140  10:01  Warp Prism (Chrono Boost)  
  133  10:09  Stalker x2  
  116  10:24  Zealot x6  
  94  10:36  Immortal (Chrono Boost)  
  88  10:50  Zealot x4  
  88  10:52  High Templar x4  
  88  10:53  Observer  
  102  11:05  Probe x2, Archon x2, Immortal (Chrono Boost)  
  108  11:22  Zealot x3  
  108  11:23  Zealot  
  108  11:24  Zealot x4  
  118  11:48  Zealot x4  
  118  11:49  Zealot x4  
  118  11:51  Immortal (Chrono Boost)  
  96  12:17  Zealot x7  
  96  12:19  Zealot  
  86  12:44  Nexus  
  86  12:48  High Templar x4  
  86  12:49  Stalker  
  86  12:50  Stalker x2  
  100  12:52  Archon x2  
  100  12:53  Stalker  
  80  13:15  Zealot  
  80  13:16  Zealot x4  
Tags
 
Add a new tag
Caveats
  • Supply blocks, unpowered buildings, or Contaminate may cause inaccurate times.
  • Supply counts are checked every 10 seconds.